 Dungeon Crawl Stone Soup version 0.21.0 (webtiles) character file.

33150 Megalobster the Severer (level 13, -4/175 HPs)
             Began as a Minotaur Berserker on Jan 7, 2018.
             Was an Elder of Trog.
             Slain by a soldier ant (7 damage)
             ... on level 6 of the Lair of Beasts.
             The game lasted 01:34:03 (15582 turns).

Megalobster the Severer (Minotaur Berserker)       Turns: 15582, Time: 01:34:04

Health: -4/175     AC: 26    Str: 26    XL:     13   Next: 35%
Magic:  18/18      EV:  2    Int:  4    God:    Trog [****..]
Gold:   709        SH:  0    Dex: 11    Spells: 12/12 levels left

rFire    + . .     SeeInvis .   a - +9 executioner's axe (flame)
rCold    . . .     Gourm    .   (shield currently unavailable)
rNeg     + + +     Faith    +   (armour currently unavailable)
rPois    +         Spirit   .   (helmet currently unavailable)
rElec    .         Reflect  .   (cloak currently unavailable)
rCorr    .         Harm     .   (gloves currently unavailable)
MR       +++..     NoTele   +   (boots currently unavailable)
Stlth    +.........             z - amulet of faith
HPRegen  1.39/turn              l - ring of protection from fire
MPRegen  0.16/turn              i - ring of protection from magic

@: tree-form, berserk cooldown, very slightly contaminated, regenerating, hasted
and slowed
A: (retaliatory headbutt)
a: Berserk, Trog's Hand, Brothers in Arms, Burn Spellbooks, Renounce Religion


You were on level 6 of the Lair of Beasts.
You worshipped Trog.
Trog was greatly pleased with you.
You were not hungry.
You were a tree.
You visited 2 branches of the dungeon, and saw 16 of its levels.

You collected 904 gold pieces.
You spent 195 gold pieces at shops.

Inventory:

Hand Weapons
 a - a +9 executioner's axe of flaming (weapon)
 b - a +4 flail of holy wrath
Missiles
 j - 5 tomahawks of dispersal (quivered)
 k - 29 tomahawks
 H - 2 javelins of returning
 R - 5 steel javelins
Armour
 g - a +1 ring mail of fire resistance
 r - +0 storm dragon scales (melded)
 u - a +1 cloak (melded)
 C - a +0 pair of gloves (melded)
 L - a +1 hat (melded)
Jewellery
 i - a ring of protection from magic (right branch)
 l - a ring of protection from fire (left branch)
 z - an amulet of faith (around neck)
 D - an uncursed amulet of guardian spirit
 P - an uncursed ring of wizardry {unknown}
Wands
 m - a wand of polymorph (9)
 F - a wand of acid (21)
 I - a wand of iceblast (17)
 N - a wand of flame (67)
 Q - a wand of enslavement (35)
 S - a wand of random effects (28)
 Z - a wand of disintegration (28)
Scrolls
 d - 3 scrolls of remove curse
 e - 4 scrolls of enchant weapon
 f - 2 scrolls of silence
 h - a scroll of holy word
 q - 2 scrolls of enchant armour
 s - a scroll of blinking
 x - 2 scrolls of fog
 y - 4 scrolls of teleportation
 Y - 2 scrolls of immolation
Potions
 n - 3 potions of agility
 o - a potion of brilliance
 p - 2 potions of lignification
 v - a potion of flight {unknown}
 w - 2 potions of mutation
 A - 3 potions of might
 B - 2 potions of haste
 J - 2 potions of cancellation
 T - a potion of magic
 U - a potion of curing
 W - a potion of heal wounds {unknown}
Miscellaneous
 K - a phial of floods
Comestibles
 c - 16 rations
 t - 6 chunks of flesh


   Skills:
 + Level 11.8 Fighting
 * Level 15.5 Axes
 + Level 11.5 Armour
 + Level 10.6 Dodging
 + Level 8.5 Evocations


You had 12 spell levels left.
You didn't know any spells.

Dungeon Overview and Level Annotations

Branches:
Dungeon (10/15)            Temple (0/1) D:5            Lair (6/6) D:9
  Swamp (0/4) Lair:3       Spider (0/4) Lair:3        Slime (0/5) Lair:6
    Orc (0/2) D:10

Altars:
Cheibriados
Dithmenos
Gozag
Hepliaklqana
Nemelex Xobeh
Uskayaw
Vehumet
Wu Jian
Xom
Zin
Jiyva

Shops:
D:7 :   D:8 %   D:9 (:?

Annotations:
Lair:1 exclusion: 2 oklob plants
Lair:4 exclusion: oklob plant


Innate Abilities, Weirdness & Mutations

((You reflexively headbutt those who attack you in melee.))
((You have a pair of horns on your head.))


Message History

You kill the spiny frog!
Trog accepts your kill.
The blink frog blinks! x2; The water moccasin bites you.
* * * LOW HITPOINT WARNING * * *
The spiny frog stings you but does no damage.
You closely miss the spiny frog. You hit the water moccasin.
You burn the water moccasin. You slice the soldier ant!!
You burn the soldier ant!
You hit the komodo dragon but do no damage.
You feel less invigorated.
You feel less confused.
The water moccasin bites you but does no damage.
The soldier ant stings you!
* * * LOW HITPOINT WARNING * * *
The spiny frog stings you but does no damage.
The komodo dragon bites you!
* * * LOW HITPOINT WARNING * * *
The water moccasin bites you but does no damage.
The soldier ant stings you!
You die...

..........# ##..#. ).....P#..#
#.#.# ..........# ##.###
.......P..## ##..##
..F.#......## ##....#
........#....# #.....#
.............# #...###
....)...P.....############...#
..............§F♣l...........#
...#.#.....)..FSa#....#......#
...###..........#.....#.....P#
## ?.........#.#.P..##...PP#
.......[.....###.#P..#PP..
....#......# ...##P....
#..##..(#... ...# ...... ##.
........# ... ...... .
#........P


You could see a komodo dragon, a spiny frog, a blink frog, a soldier ant and a
water moccasin.

Vanquished Creatures
  An entropy weaver (Lair:6)
  2 hydras
  A catoblepas (Lair:6)
  3 two-headed ogres
  The ghost of CLM the Sculptor of Flesh, a novice DsFi of Yredelemnul (Lair:1)
  3 death yaks (Lair:6)
  2 unseen horrors
  The ghost of Squigly the Firebug, a novice DrFE of Ru (D:5)
  4 elephants (Lair:5)
  Maurice (D:10)
  8 spiny frogs
  A torpor snail (Lair:5)
  4 black mambas
  8 komodo dragons
  A rime drake (Lair:3)
  A troll (D:9)
  Grinder (D:5)
  9 blink frogs
  2 hippogriffs
  A redback (Lair:3)
  Sigmund (D:2)
  A vampire (D:10)
  25 yaks
  3 basilisks
  3 vampire mosquitoes (Lair:1)
  Edmund (D:5)
  2 insubstantial wisps (Lair:1)
  13 soldier ants
  5 porcupines
  10 water moccasins
  3 black bears
  6 orc warriors
  4 sky beasts
  An ice beast (D:8)
  9 ogres
  2 phantoms
  2 centaurs
  7 crocodiles
  2 big kobolds
  Blork the orc (D:6)
  12 bullfrogs
  A wyvern zombie (D:10)
  3 scorpions
  6 killer bees (D:8)
  9 wights
  A howler monkey (D:8)
  6 hounds
  2 jellies
  4 orc priests
  2 bullfrog skeletons
  2 centaur skeletons (D:6)
  9 orc wizards
  Ijyb (D:5)
  An iguana (D:9)
  10 worker ants
  5 hell rats (Lair:4)
  A hound skeleton (D:5)
  A worker ant zombie (D:7)
  4 gnolls (D:8)
  7 adders
  A shadow imp (D:10)
  An adder skeleton (D:4)
  4 worms
  4 dart slugs
  4 leopard geckos
  37 orcs
  7 bats
  5 giant cockroaches
  6 goblins
  9 hobgoblins
  11 jackals
  4 kobolds
  7 quokkas
  2 ball pythons (D:4)
  A frilled lizard (D:1)
  A jackal skeleton (D:6)
  2 quokka skeletons
  9 rats
  6 bushes (Lair:6)
  3 fungi
  2 plants
369 creatures vanquished.

Vanquished Creatures (others)
  A vampire mosquito (Lair:1)
  An orc (D:8)
  7 fungi
  15 plants
24 creatures vanquished.

Grand Total: 393 creatures vanquished

Notes
Turn   | Place    | Note
-------+----------+-------------------------------------------
     0 | D:1      | Megalobster the Minotaur Berserker began the quest for the Orb.
     0 | D:1      | Reached XP level 1. HP: 19/19 MP: 0/0
   151 | D:1      | Reached XP level 2. HP: 24/27 MP: 1/1
   196 | D:1      | Reached skill level 4 in Axes
   994 | D:2      | Noticed Sigmund
  1028 | D:2      | Killed Sigmund
  1028 | D:2      | Reached skill level 5 in Axes
  1028 | D:2      | Reached XP level 3. HP: 34/34 MP: 2/2
  1028 | D:2      | Reached XP level 4. HP: 41/41 MP: 3/3
  1028 | D:2      | Reached XP level 5. HP: 47/47 MP: 4/4
  1318 | D:2      | Found an ornate altar of the Wu Jian Council.
  1385 | D:2      | Reached ** piety under Trog
  1756 | D:2      | You fall through a shaft for 2 floors!
  1801 | D:3      | Reached XP level 6. HP: 55/55 MP: 5/5
  2261 | D:3      | Reached skill level 5 in Fighting
  2446 | D:3      | Reached skill level 6 in Axes
  2647 | D:4      | Found a hide-covered altar of Uskayaw.
  2792 | D:4      | Noticed an orc warrior
  2800 | D:4      | Killed an orc warrior
  2800 | D:4      | Reached XP level 7. HP: 50/61 MP: 6/6
  3465 | D:5      | Entered Level 5 of the Dungeon
  3587 | D:5      | Reached skill level 7 in Axes
  3637 | D:5      | Found a staircase to the Ecumenical Temple.
  3640 | D:5      | Reached skill level 5 in Armour
  3644 | D:5      | Reached *** piety under Trog
  3714 | D:5      | Noticed Grinder
  3731 | D:5      | Killed Grinder
  3758 | D:5      | Noticed Ijyb
  3763 | D:5      | Noticed Squigly's ghost (novice DrFE)
  3765 | D:5      | Killed Ijyb
  3770 | D:5      | Killed Squigly's ghost
  3770 | D:5      | Reached skill level 8 in Axes
  3770 | D:5      | Reached skill level 5 in Dodging
  3770 | D:5      | Reached XP level 8. HP: 71/71 MP: 7/7
  4351 | D:5      | Reached skill level 9 in Axes
  4360 | D:5      | Noticed Edmund
  4366 | D:5      | Killed Edmund
  4419 | D:5      | Found a radiant altar of Vehumet.
  4783 | D:6      | Noticed Blork the orc
  4789 | D:6      | Killed Blork the orc
  4791 | D:6      | Reached skill level 1 in Evocations
  4791 | D:6      | Reached XP level 9. HP: 79/79 MP: 8/8
  5039 | D:6      | Found an opulent altar of Gozag.
  5039 | D:6      | Found a snail-covered altar of Cheibriados.
  5174 | D:6      | Reached skill level 10 in Axes
  5202 | D:6      | Reached **** piety under Trog
  5845 | D:7      | Found Rumik's Book Shop.
  6023 | D:8      | Found a glowing silver altar of Zin.
  6193 | D:8      | Found Kuwkal's Food Shop.
  6206 | D:8      | Found a sparkling altar of Nemelex Xobeh.
  6307 | D:8      | Noticed a two-headed ogre
  6390 | D:8      | Killed a two-headed ogre
  6390 | D:8      | Reached skill level 11 in Axes
  6390 | D:8      | Reached XP level 10. HP: 89/89 MP: 12/12
  6762 | D:8      | Found a shadowy altar of Dithmenos.
  6785 | D:8      | Found a hazy altar of Hepliaklqana.
  6786 | D:8      | Found a shimmering altar of Xom.
  6830 | D:8      | Reached skill level 5 in Evocations
  6972 | D:9      | Found Foizaeg's Book Shoppe.
  7014 | D:9      | Found Wuokk's Magic Scroll Emporium.
  7082 | D:9      | Bought a scroll of identify for 20 gold pieces
  7082 | D:9      | Bought a scroll of identify for 20 gold pieces
  7082 | D:9      | Bought a scroll of identify for 20 gold pieces
  7082 | D:9      | Bought a scroll of vulnerability for 75 gold pieces
  7082 | D:9      | Bought a scroll of teleportation for 30 gold pieces
  7082 | D:9      | Bought a scroll of teleportation for 30 gold pieces
  7317 | D:9      | Found a staircase to the Lair.
  7330 | D:9      | Reached ***** piety under Trog
  7421 | D:9      | Reached skill level 12 in Axes
  7479 | D:9      | Noticed a two-headed ogre
  7488 | D:9      | Killed a two-headed ogre
  7488 | D:9      | Reached XP level 11. HP: 97/97 MP: 14/14
  7590 | D:9      | Found Juihetups's Weapon Shoppe.
  7723 | D:9      | Noticed a two-headed ogre
  7728 | D:9      | Killed a two-headed ogre
  7774 | D:9      | Killed an unseen horror
  7833 | D:10     | Entered Level 10 of the Dungeon
  8045 | D:10     | Found a staircase to the Orcish Mines.
  8334 | D:10     | Noticed Maurice
  8340 | D:10     | Found a sparkling altar of Nemelex Xobeh.
  8348 | D:10     | Killed Maurice
  8348 | D:10     | Received a gift from Trog
  8457 | D:10     | Reached skill level 13 in Axes
  8465 | D:10     | Reached skill level 10 in Fighting
  8735 | D:10     | Killed an unseen horror
  9348 | Lair:1   | Entered Level 1 of the Lair of Beasts
  9393 | Lair:1   | Noticed an eight-headed hydra
  9739 | Lair:1   | Killed an eight-headed hydra
  9984 | Lair:1   | Reached skill level 10 in Armour
 10230 | Lair:1   | Noticed an oklob plant
 10230 | Lair:1   | Noticed an oklob plant
 10465 | Lair:1   | Noticed CLM's ghost (novice DsFi)
 10485 | Lair:1   | Killed CLM's ghost
 10485 | Lair:1   | Reached XP level 12. HP: 107/107 MP: 16/16
 11793 | Lair:3   | Reached skill level 14 in Axes
 11807 | Lair:3   | Found a staircase to the Swamp.
 11864 | Lair:3   | Found a hole to the Spider Nest.
 14145 | Lair:5   | Received a gift from Trog
 14192 | Lair:5   | Reached skill level 10 in Dodging
 14968 | Lair:6   | Entered Level 6 of the Lair of Beasts
 14976 | Lair:6   | Noticed a death yak
 14978 | Lair:6   | Noticed a death yak
 14978 | Lair:6   | Noticed a death yak
 14995 | Lair:6   | Killed a death yak
 14995 | Lair:6   | Reached skill level 15 in Axes
 14998 | Lair:6   | Killed a death yak
 14999 | Lair:6   | Killed a death yak
 14999 | Lair:6   | Reached XP level 13. HP: 116/116 MP: 18/18
 15538 | Lair:6   | Noticed an entropy weaver
 15542 | Lair:6   | Killed an entropy weaver
 15551 | Lair:6   | Noticed an entropy weaver
 15557 | Lair:6   | Found a viscous altar of Jiyva.
 15557 | Lair:6   | Found a staircase to the Slime Pits.
 15582 | Lair:6   | HP: 3/175 [komodo dragon (11)]
 15582 | Lair:6   | Slain by a soldier ant

Skill      XL: |  1  2  3  4  5  6  7  8  9 10 11 12 |
---------------+-------------------------------------+-----
Axes           | 5 6 8 9 11 12 13 15 | 15.5
Fighting       | 4 5 6 7 8 9 10 11 | 11.8
Armour         | 3 4 6 7 8 10 11 | 11.5
Dodging        | 3 4 5 6 7 8 9 10 | 10.6
Evocations     | 1 4 6 7 8 |  8.5

Action                   |  1- 3 |  4- 6 |  7- 9 | 10-12 | 13-15 || total
-------------------------+-------+-------+-------+-------+-------++-------
Melee: Hand axe          |    38 |    87 |       |       |       ||   125
       Headbutt          |     8 |    13 |    46 |   115 |    17 ||   199
       War axe           |       |    16 |    38 |       |       ||    54
       Battleaxe         |       |       |   186 |   438 |       ||   624
       Flail             |       |       |       |     8 |       ||     8
       Executioner's axe |       |       |       |    34 |    59 ||    93
Invok: Berserk           |     1 |     2 |    13 |    17 |     2 ||    35
       Burn Spellbooks   |       |     1 |     1 |       |       ||     2
       Trog's Hand       |       |     1 |     6 |    16 |     3 ||    26
Evoke: Wand              |       |       |       |     5 |       ||     5
  Use: Scroll            |       |       |    10 |    16 |     6 ||    32
       Potion            |       |       |       |       |     4 ||     4
  Eat: Chunk             |       |     7 |    19 |    20 |       ||    46
       Ration            |       |       |     2 |     9 |     1 ||    12
Armor: Animal skin       |     4 |       |       |       |       ||     4
       Scale mail        |     8 |    46 |       |       |       ||    54
       Chain mail        |       |     1 |    19 |       |       ||    20
       Plate armour      |       |       |   130 |   173 |       ||   303
       Storm dragon scal |       |       |       |   137 |    39 ||   176
       Skin              |       |       |       |       |    11 ||    11
Dodge: Dodged            |    22 |    62 |   120 |   296 |    45 ||   545
